 Dungeon Crawl Stone Soup version 0.30-a0-165-g1891117ce2 (webtiles) character file.

Game seed: 1619483699022863275

53 qw the Chopper (level 3, -1/23 HPs)
             Began as a Gargoyle Fighter on Sept 28, 2022.
             Slain by a hobgoblin (4 damage)
             ... led by Robin
             ... on level 2 of the Dungeon.
             The game lasted 00:00:22 (1275 turns).

qw the Chopper (Gargoyle Fighter)                   Turns: 1275, Time: 00:00:23

Health: -1/23      AC: 10    Str: 21    XL:     3   Next: 89%
Magic:  3/3        EV:  9    Int:  8    God:
Gold:   74         SH:  4    Dex:  9    Spells: 2/2 levels left

rFire   . . .      SeeInvis .    Y - +0 war axe
rCold   . . .      Faith    .    c - +0 buckler
rNeg    + . .      Spirit   .    b - +0 scale mail
rPois   inf        Reflect  .    (no helmet)
rElec   +          Harm     .    (no cloak)
rCorr   .          Rampage  .    (no gloves)
Will    .....                    (no boots)
Stlth   ..........               (no amulet)
HPRegen 0.07/turn                (no ring)
MPRegen 0.08/turn                (no ring)

@: no status effects
A: sickness immunity, AC +3, negative energy resistance 1, electricity
resistance, torment resistance 1, petrification resistance
a: no special abilities


You were on level 2 of the Dungeon.
You visited 1 branch of the dungeon, and saw 2 of its levels.

You collected 74 gold pieces.


Innate Abilities, Weirdness & Mutations

You are immune to sickness and miasma.
Your stone body is resilient. (AC +3)
You are immune to poison.
You resist negative energy. (rN+)
You are resistant to electric shocks. (rElec)
You are resistant to unholy torment.
You are immune to petrification.


   Skills:
 - Level 3.2 Fighting
 + Level 3.7 Axes
 - Level 3.2 Armour
 - Level 3.2 Shields


You had 2 spell levels left.
You didn't know any spells.
Your spell library was empty.

Inventory:

Hand Weapons
 f - a +0 whip
 Y - a +0 war axe (weapon)
Armour
 b - a +0 scale mail (worn)
 c - a +0 buckler (worn)
Potions
 d - a potion of might
 e - a potion of flight {unknown}
 g - 2 potions of curing {unknown}

Dungeon Overview and Level Annotations

Branches:
Dungeon (2/15)

Altars:

Annotations:
D:2 Robin


Message History

The gnoll hits you but does no damage.
You hit the gnoll but do no damage.
The gnoll is heavily wounded.
The gnoll hits you with a +0 spear. x2
1268 ||| READING scroll of teleportation.
As you read the scroll of teleportation, it crumbles to dust.
You feel strangely unstable. The gnoll hits you with a +0 spear.
You slash the gnoll!
You kill the gnoll!
You start resting.
A frilled lizard comes into view.
1271 ||| FLEEEEING.
The frilled lizard hisses angrily.
1272 ||| FLEEEEING.
Your surroundings suddenly seem different.
Robin, 2 hobgoblins, 2 goblins and an adder come into view.
Robin shouts!
The goblin shouts!
The hobgoblin shouts! x2; The goblin shouts!
The adder hisses angrily.
You hear a shout!
A goblin comes into view. It is wielding a +0 club. x2
Robin roars a battlecry!
The goblins go into a battle-frenzy!
Enter note: 2 goblins and a hobgoblin come into view.
The goblin shouts! x4; The hobgoblin shouts!
You hear a shout!
A hobgoblin comes into view.
The adder closely misses you.
The hobgoblin shouts!
You closely miss the adder. You hit the goblin. You block the adder's attack.
A goblin comes into view. It is wielding a +0 club.
A goblin comes into view. It is wielding a +0 dagger.
The goblin barely misses you. The adder barely misses you.
You barely miss the goblin.
The goblin is moderately wounded.
You closely miss the adder. Robin throws the goblin at you!
The goblin closely misses you. The adder bites you but does no damage.
The goblin hits you but does no damage. Robin throws the goblin at you!
The hobgoblin hits you.
You die...

.....# ..g..#
#####...g.#
#...gggg..
#.......#
.####...gg..###
......g.S......
......g@g......
.....##gg......
... #........ #
#.....###
#.....# #.....#
#.....# #.....#
#######


You could see Robin, an adder, 4 hobgoblins and 8 goblins.

Vanquished Creatures
  3 gnolls (D:2)
  3 ball pythons (D:1)
  2 endoplasms
  3 giant cockroaches (D:1)
  4 hobgoblins
  4 bats (D:1)
  2 frilled lizards (D:1)
  2 goblins (D:1)
  2 rats (D:1)
25 creatures vanquished.

Notes
Turn   | Place    | Note
-------+----------+-------------------------------------------
     0 | D:1      | qw the Gargoyle Fighter began the quest for the Orb.
     0 | D:1      | Reached XP level 1. HP: 14/14 MP: 1/1
     0 | D:1      | 0 ||| qw: Version: 0.2-a-12-gaebbb33
     0 | D:1      | 0 ||| qw: Game counter: 919
     0 | D:1      | 0 ||| qw: Always use a shield: true
     0 | D:1      | 0 ||| qw: God list: Okawaru
     0 | D:1      | 0 ||| qw: Allow faded altars: false
     0 | D:1      | 0 ||| qw: Do Orc after D:15 true
     0 | D:1      | 0 ||| qw: Do second Lair branch before Depths: true
     0 | D:1      | 0 ||| qw: Lair rune preference: random
     0 | D:1      | 0 ||| qw: Plans: Normal, Zot:1-4, God:TSO, Crypt, Tomb,
                  | Pan, Slime:5, Hells, Abyss, Orb
     0 | D:1      | 0 ||| PLANNING D:1-11
   263 | D:1      | Reached XP level 2. HP: 19/19 MP: 2/2
  1028 | D:1      | Reached skill level 3 in Axes
  1175 | D:1      | 1175 ||| READING 2 scrolls labelled PIKO ZETEAQUG.
  1179 | D:1      | 1179 ||| READING scroll labelled MOMURA YNUIBB.
  1180 | D:1      | 1180 ||| READING scroll labelled MOGAEZ SUOHUDA.
  1228 | D:2      | 1228 ||| Stepping ~*~*~tactically~*~*~ (stealth).
  1233 | D:2      | Reached XP level 3. HP: 22/23 MP: 3/3
  1254 | D:2      | 1254 ||| Stepping ~*~*~tactically~*~*~ (hiding).
  1255 | D:2      | 1255 ||| Stepping ~*~*~tactically~*~*~ (hiding).
  1267 | D:2      | HP: 5/23 [gnoll/+0 spear (1)]
  1268 | D:2      | 1268 ||| READING scroll of teleportation.
  1271 | D:2      | 1271 ||| FLEEEEING.
  1272 | D:2      | 1272 ||| FLEEEEING.
  1272 | D:2      | Noticed Robin
  1275 | D:2      | Slain by a hobgoblin

Levels and vault maps discovered:
D:1:      dpeg_arrival_ternary, layout_basic, nicolae_hexahallways
D:2:      layout_basic, kennysheep_big_empty_room, uniq_robin

Skill      XL: |  1  2 |
---------------+-------+-----
Axes           | 2 3 |  3.7
Fighting       | |  3.2
Armour         | |  3.2
Shields        | |  3.2

Action                   || total
-------------------------++-------
Melee: War axe           ||    82
  Use: Scroll            ||     4
Armor: Scale mail        ||    44
Dodge: Dodged            ||    37
Block: Buckler           ||     9

Table legend:
 A = Non-vault XP
 B = Vault XP
 C = Vault XP percentage of total XP
 D = Non-vault monster count
 E = Vault monster count
 F = Vault count percentage of total count
                 A         B        C        D         E       F
            +---------+---------+-------+---------+---------+-------
      Total |      77 |       0 |   0.0 |      25 |       0 |   0.0
            +---------+---------+-------+---------+---------+-------
        D:1 |      31 |       0 |   0.0 |      20 |       0 |   0.0
        D:2 |      46 |       0 |   0.0 |       5 |       0 |   0.0
            +---------+---------+-------+---------+---------+-------
